 Dungeon Crawl Stone Soup version 0.32-a0-22-g6ae6769602 (webtiles) character file.

Game seed: 531641860017685291

1857020 Ge0ff the Merry Merfolk (level 27, 201/201 HPs)
             Began as a Merfolk Enchanter on Jan 15, 2024.
             Was a High Priest of Hepliaklqana.
             Escaped with the Orb
             ... and 3 runes on Jan 18, 2024!
             The game lasted 02:45:40 (59453 turns).

Ge0ff the Merry Merfolk (Merfolk Enchanter)        Turns: 59453, Time: 02:45:40

Health: 201/201    AC: 23    Str: 25    XL:     27
Magic:  24/26      EV: 42    Int: 16    God:    Hepliaklqana [*****.]
Gold:   6785       SH: 23    Dex: 46    Spells: 25/40 levels left

rFire   + . .        a - +9 hand cannon (drain)
rCold   + . .        i - +3 kite shield {rC+}
rNeg    + . .        Q - +5 faerie dragon scales {^Drain rCorr Int+3 Dex+3 Slay+5}
rPois   .            r - +0 hat of Inquiry {^Drain Fly Str+7 Stlth+}
rElec   +            h - +1 cloak "Cehumad" {rElec Int+3}
rCorr   +            p - +2 pair of gloves {Dex+3}
SInv    +            A - +2 pair of boots of Eternity {rN+ Regen+ Dex+3}
Will    +++..        w - amulet of Mysticism {Acrobat MP-9 Str+6 Dex+3 SInv}
Stlth   ++           y - ring "Ahoats" {rElec Str+2 Int-5 Dex+6}
HPRegen 1.33/turn    Y - ring "Menestru" {Will+ EV+5, =R}
MPRegen 0.20/turn

%: acrobat
@: flying, studying Summonings
A: reduced essence, (nimble swimmer 2), mertail, agile 1, fire resistance 1
0: Orb of Zot
}: 3/15 runes: barnacled, silver, gossamer
a: Renounce Religion, Recall Ancestor, Ancestor Identity, Transference, Idealise


You escaped.
You worshipped Hepliaklqana.
Hepliaklqana was extremely pleased with you.
You visited 10 branches of the dungeon, and saw 48 of its levels.
You also visited: Trove, Bailey, Gauntlet and Ice Cave.

You collected 9627 gold pieces.
You spent 2842 gold pieces at shops.

Inventory:

Hand Weapons
 a - a +9 hand cannon of draining (weapon)
Missiles
 b - 4 silver javelins
 g - 4 throwing nets {=F}
 v - 10 curare-tipped darts {=F}
 x - 23 javelins
Armour
 h - the +1 cloak "Cehumad" (worn) {rElec Int+3}
   (You found it on level 1 of the Orcish Mines)

   Int+3:     It affects your intelligence (+3).
   rElec:     It insulates you from electricity.
 i - a +3 kite shield of cold resistance (worn)
 p - a +2 pair of gloves of dexterity (worn)
 r - the +0 hat of Inquiry (worn) {^Drain Fly Str+7 Stlth+}
   (You found it on level 3 of the Realm of Zot)

   Str+7:     It affects your strength (+7).
   Fly:       It grants you flight.
   ^Drain:    It drains your maximum health when unequipped.
   Stlth+:    It makes you more stealthy.
 A - the +2 pair of boots of Eternity (worn) {rN+ Regen+ Dex+3}
   (You found it on level 4 of the Spider Nest)

   Dex+3:     It affects your dexterity (+3).
   rN+:       It protects you from negative energy.
   Regen+:    It increases your rate of health regeneration.
 Q - the +5 faerie dragon scales (worn) {^Drain rCorr Int+3 Dex+3 Slay+5}
   (You took it off the Enchantress on level 1 of the Depths)

   Int+3:     It affects your intelligence (+3).
   Dex+3:     It affects your dexterity (+3).
   Slay+5:    It affects your accuracy & damage with ranged weapons and melee
   (+5).
   rCorr:     It protects you from acid and corrosion.
   ^Drain:    It drains your maximum health when unequipped.
Jewellery
 w - the amulet of Mysticism (around neck) {Acrobat MP-9 Str+6 Dex+3 SInv}
   (You found it in a Gauntlet)

   [amulet of the acrobat]

   Acrobat:   It increases your evasion while moving and waiting.
   Str+6:     It affects your strength (+6).
   Dex+3:     It affects your dexterity (+3).
   MP-9:      It affects your magic capacity (-9).
   SInv:      It lets you see invisible.
 y - the ring "Ahoats" (left hand) {rElec Str+2 Int-5 Dex+6}
   (You found it in a treasure trove)

   [ring of dexterity]

   Str+2:     It affects your strength (+2).
   Int-5:     It affects your intelligence (-5).
   Dex+6:     It affects your dexterity (+6).
   rElec:     It insulates you from electricity.
 D - a ring of poison resistance
 G - the ring "Siudgh" {^Contam rC+ Will++ rCorr Str+6}
   (You found it in a treasure trove)

   [ring of strength]

   Str+6:     It affects your strength (+6).
   rC+:       It protects you from cold.
   Will++:    It greatly increases your willpower.
   ^Contam:   It causes magical contamination when unequipped.
   rCorr:     It protects you from acid and corrosion.
 Y - the ring "Menestru" (right hand) {Will+ EV+5, =R}
   (You bought it in a shop on level 6 of the Dungeon)

   [ring of evasion]

   EV+5:      It affects your evasion (+5).
   Will+:     It increases your willpower.
Wands
 d - a wand of digging (9)
 e - a wand of charming (40)
 f - a wand of flame (97)
 j - a wand of light (25)
 k - a wand of iceblast (77)
 s - a wand of mindburst (60)
 P - a wand of polymorph (43)
Scrolls
 m - 3 scrolls of revelation
 B - 6 scrolls of blinking
 C - 2 scrolls of poison
 E - 6 scrolls of fear
 F - 12 scrolls of fog
 J - a scroll of silence {!r}
 S - 6 scrolls of butterflies
 T - 32 scrolls of teleportation
 V - 4 scrolls of vulnerability
Potions
 o - 14 potions of ambrosia
 q - 22 potions of curing
 u - 12 potions of mutation {!q}
 z - 5 potions of brilliance
 H - 6 potions of haste {!q}
 I - 4 potions of invisibility
 K - 7 potions of magic {!q}
 L - 10 potions of lignification
 M - 4 potions of might
 N - 5 potions of cancellation {!q}
 W - 10 potions of heal wounds {!q}
 X - 10 potions of enlightenment
 Z - 3 potions of berserk rage {!q}
Miscellaneous
 l - a lightning rod (4/4)
 n - a phial of floods
 t - a tin of tremorstones (2/2)
 O - a box of beasts
 U - a phantom mirror


   Skills:
 - Level 20.0 Fighting
 - Level 5.0 Short Blades
 O Level 27 Ranged Weapons
 - Level 6.0 Throwing
 - Level 11.0 Armour
 - Level 15.0 Dodging
 + Level 8.4 Stealth
 - Level 15.0 Shields
 - Level 7.0 Spellcasting
 - Level 7.0 Hexes
 - Level 7.0 Translocations
 - Level 5.0 Ice Magic
 - Level 5.0 Earth Magic
 - Level 17.0 Invocations
 - Level 12.0 Evocations


You had 25 spell levels left.
You knew the following spells:

 Your Spells              Type           Power      Damage    Failure   Level
g - Apportation           Tloc           56%        N/A       1%          1
p - Dimensional Bullseye  Hex/Tloc       14%        N/A       12%         4
t - Confusing Touch       Hex            28%        N/A       3%          3
w - Passwall              Erth           21%        N/A       9%          3
B - Blink                 Tloc           56%        N/A       1%          2
C - Ensorcelled Hibernat  Hex/Ice        48%        N/A       2%          2

Your spell library contained the following spells:

 Spells                   Type           Power      Damage    Failure   Level
 Slow                     Hex            100%       N/A       1%          1
 Jinxbite                 Hex            56%        N/A       1%          2
 Lesser Beckoning         Tloc           56%        N/A       1%          2
 Gell's Gravitas          Tloc           28%        N/A       3%          3
 Sigil of Binding         Hex            28%        N/A       3%          3
 Teleport Other           Tloc           28%        N/A       3%          3
 Tukima's Dance           Hex            28%        N/A       3%          3
 Momentum Strike          Conj/Tloc      32%        3d8       8%          2
 Cause Fear               Hex            14%        N/A       12%         4
 Dazzling Flash           Conj/Hex       32%        N/A       16%         3
 Foxfire                  Conj/Fire      20%        2x1d5     22%         1
 Magic Dart               Conj           20%        1d4       22%         1
 Sting                    Conj/Alch      20%        1d4       22%         1
 Summon Small Mammal      Summ           20%        N/A       22%         1
 Hailstorm                Conj/Ice       13%        3d6       22%         3
 Stone Arrow              Conj/Erth      26%        3d8       22%         3
 Summon Ice Beast         Ice/Summ       13%        N/A       22%         3
 Call Imp                 Summ           10%        N/A       32%         2
 Mercury Vapours          Alch/Air       10%        N/A       32%         2
 Sublimation of Blood     Necr           5%         N/A       32%         2
 Anguish                  Hex/Necr       8%         N/A       45%         4
 Iskenderun's Mystic Bla  Conj/Tloc      16%        2d5       45%         4
 Vhi's Electric Charge    Tloc/Air       32%        N/A       45%         4
 Call Canine Familiar     Summ           5%         N/A       54%         3
 Swiftness                Air            5%         N/A       54%         3
 Vampiric Draining        Necr           5%         2d6       54%         3
 Animate Armour           Summ/Erth      26%        N/A       58%         4
 Leda's Liquefaction      Alch/Erth      6%         N/A       58%         4
 Lee's Rapid Deconstruct  Erth           10%        3d8*      58%         5
 Summon Forest            Summ/Tloc      8%         N/A       80%         5
 Summon Mana Viper        Hex/Summ       16%        N/A       80%         5
 Yara's Violent Unravell  Hex/Alch       8%         3d5       80%         5
 Animate Dead             Necr           5%         N/A       91%         4
 Martyr's Knell           Necr/Summ      5%         N/A       91%         4
 Olgreb's Toxic Radiance  Alch           5%         N/A       91%         4
 Summon Blazeheart Golem  Fire/Summ      5%         N/A       91%         4
 Borgnjor's Vile Clutch   Necr/Erth      6%         N/A       91%         5
 Alistair's Intoxication  Alch           3%         N/A       99%         5
 Arcjolt                  Conj/Air       2%         1d12      99%         5
 Fireball                 Conj/Fire      2%         3d4       99%         5
 Iskenderun's Battlesphe  Conj           5%         2d6       99%         5
 Bombard                  Conj/Erth      6%         9d2       100%        6
 Eringya's Noxious Bog    Alch           2%         4d6       100%        6
 Plasma Beam              Fire/Air       2%         2x1d12    100%        6
 Sculpt Simulacrum        Ice/Alch       6%         N/A       100%        6
 Starburst                Conj/Fire      2%         6d3       100%        6
 Summon Cactus Giant      Summ           2%         N/A       100%        6
 Enfeeble                 Hex            14%        N/A       100%        7
 Malign Gateway           Summ/Tloc      8%         N/A       100%        7
 Monstrous Menagerie      Summ           2%         N/A       100%        7
 Ozocubu's Refrigeration  Ice            10%        4d9       100%        7
 Spellforged Servitor     Conj/Summ      2%         N/A       100%        7
 Summon Hydra             Summ           2%         N/A       100%        7
 Lehudib's Crystal Spear  Conj/Erth      6%         10d3      100%        8
 Summon Horrible Things   Summ           2%         N/A       100%        8
 Dragon's Call            Summ           2%         N/A       100%        9


Dungeon Overview and Level Annotations

Branches:
Dungeon (15/15)            Temple (1/1) D:4            Lair (5/5) D:9
 Shoals (4/4) Lair:2       Spider (4/4) Lair:2        Slime (0/5) Lair:5
    Orc (2/2) D:12            Elf (3/3) Orc:2        Vaults (5/5) D:13
  Crypt (0/3) Vaults:2     Depths (4/4) D:15            Zot (5/5) Depths:4
 Bailey (visited)           IceCv (visited)         Gauntlet (visited)

Altars:
Ashenzari
Cheibriados
Dithmenos
Elyvilon
Fedhas
Gozag
Hepliaklqana
Kikubaaqudgha
Makhleb
Nemelex Xobeh
Okawaru
Qazlal
Ru
Sif Muna
Trog
Uskayaw
Vehumet
Wu Jian
Xom
Yredelemnul
Zin
The Shining One

Shops:
D:6 !=[:   D:15 *   Orc:2 (***[   Elf:1 *:==   Elf:2 ([(=(   Shoals:2 *
Vaults:2 (   Vaults:5 !   Depths:1 [

Portals:
Hell: Depths:1 Depths:2 Depths:3 Depths:4
Abyss: Depths:3
Pandemonium: Depths:2
Ziggurat: Depths:3

Annotations:
Spider:1 2 transporters, exclusion: orange crystal statue, Arachne; Morbidden's ghost, adept TrSh
Zot:5 39 runed translucent doors, exclusion: 39 doors, Kyph's ghost, legendary MiBe


Innate Abilities, Weirdness & Mutations

Your life essence is reduced to manifest your ancestor. (-10% HP)
((You are very nimble when in or above water. (Stealth+, EV+, Speed+++)))
Your lower body shifts to a powerful aquatic tail in water.
You are agile. (Dex +4, Str/Int -1)
Your flesh is heat resistant. (rF+)


Message History

You kill the Executioner!
There is a stone staircase leading up here.
You fly upwards.
There is a stone staircase leading down here.
You see here a +0 dagger.
There is a stone staircase leading up here.
You fly upwards.
There is a stone staircase leading down here.
A large abomination comes into view.
You shoot a bolt. The bolt hits the large abomination!!
The large abomination is severely damaged.
You shoot a bolt. The bolt hits the large abomination!!
You destroy the large abomination!
There is a stone staircase leading up here.
You fly upwards.
There is a stone staircase leading down, spattered with blood here.
There is a stone staircase leading up here.
You fly upwards.
There is a stone staircase leading down here.
You swap places.
There is a stone staircase leading up here.
You fly upwards.
A shadow demon comes into view.
There is a stone staircase leading down here.
You shoot a bolt. The bolt hits the shadow demon!!!
The shadow demon is almost dead.
Fishcestor mumbles some strange words.
Fishcestor seems to speed up.
Fishcestor points at the shadow demon and mumbles some strange words.
The shadow demon resists with almost no effort.
You shoot a bolt. The bolt hits the shadow demon!!!
You kill the shadow demon!
There is a stone staircase leading up here.
You fly upwards.
There is a stone staircase leading down here.
You see here a +0 sling.
There is a stone staircase leading up here.
You fly upwards.
There is a stone staircase leading down here.
You swap places.
Ure Latsi comes into view. It is armed with a vampiric touch.
Blink to where?
Press: ? - help, Dir - move target
As you read the scroll of blinking, it crumbles to dust.
Ure Latsi moves out of view.
There is an open door here.
There is a staircase leading out of the dungeon here.
Use which ability? (? or * to list) Fishcestor is recalled.
You have escaped!

#.....###..########.####.##.#####
........#..# ##.####.##.#....
...####.#..### #.....#.##+#....
.>.........#.#########.#.#.......
...........#...........#.#.......
..#..#..#..#.###'#######.#....###
#..#..#..#.#.#.....# #.#....#
.#..#..#...#.#.....# #.#..###
..#..#..#..#.#..@..# #.#..#
#..#..#..#...#..R..# #.#..#
.............#.....#####.#..#
###.#..#####.###'###.....#..#
....#....#.........#.#####..###
###.#....#.#.....#...###......#
#.#....#.#....####...+......#
#.#.#..#.#..#.####...#......#
#.#....#.#..#...............###


You could see the friendly Fishcestor the hexer.

Vanquished Creatures
  2 orbs of fire
  3 dread liches (Vaults:5)
  2 ancient liches
  Xtahua (Vaults:3)
  7 Killer Klowns
  2 curse toes
  5 golden dragons
  the Enchantress (Depths:1)
  An electric golem (Zot:5)
  A hellephant (Depths:1)
  A Tzitzimitl (D:12)
  11 tentacled monstrosities
  A lich (Depths:4)
  20 Orb Guardians (Zot:5)
  Jorgrun (D:12)
  A titan (Vaults:5)
  2 quicksilver dragons
  Asterion (Vaults:2)
  A walking divine tome (Depths:3)
  A deep elf master archer (Elf:3)
  A deep elf blademaster (Elf:3)
  6 death cobs
  3 Executioners
  2 sphinxes
  Polyphemus (Shoals:4)
  5 tengu reavers
  Ilsuiw (Shoals:4)
  Aizul (Spider:4)
  Roxanne (Shoals:1)
  3 shadow dragons
  Agnes (D:15)
  15 storm dragons
  5 protean progenitors
  10 frost giants
  4 fire giants
  2 draconian knights
  2 iron dragons
  3 draconian monks
  4 draconian scorchers
  2 emperor scorpions (Spider:4)
  12 deep elf sorcerers
  A balrug (Depths:2)
  Louise (Elf:1)
  6 draconian shifters
  7 ghost moths
  2 orc warlords
  2 angels
  6 spectral caustic shrikes (Depths:1)
  2 draconian annihilators
  17 vault wardens
  2 reapers
  11 ironbound preservers
  A draconian stormcaller (Zot:3)
  5 very ugly things
  3 spriggan defenders
  A broodmother (Spider:2)
  2 formless jellyfish
  3 ironbound thunderhulks
  A vampire knight (Depths:3)
  22 stone giants
  5 green draconians
  2 deep elf death magi
  A war gargoyle (Vaults:5)
  8 spark wasps
  A deep elf demonologist (Elf:3)
  A minotaur (Gauntlet)
  14 white draconians
  5 black draconians
  6 yellow draconians
  12 dire elephants
  A red draconian (Zot:2)
  The ghost of mohammadb5305 the Stormcaller, a journeyman FeAE of Sif Muna (D:13)
  Azrael (Elf:1)
  A blizzard demon (Depths:3)
  5 purple draconians
  Snorg (Orc:1)
  5 deep elf annihilators (Elf:3)
  An eidolon (Depths:2)
  9 fire dragons
  18 ettins
  Josephine (Orc:1)
  5 deep elf high priests
  11 merfolk impalers
  3 merfolk javelineers (Shoals:4)
  4 entropy weavers
  9 yaktaur captains
  3 ice dragons
  2 rakshasas
  7 great orbs of eyes
  Erolcha (D:12)
  4 hydras
  35 vault guards
  A hell beast (Depths:2)
  An anaconda (shapeshifter) (Depths:4)
  2 catoblepae
  3 merfolk aquamancers
  An alligator (Zot:5)
  4 spriggan air magi
  2 radroaches
  An ogre mage (Vaults:5)
  15 ironbound frosthearts
  Erica (D:11)
  An alligator snapping turtle (Shoals:4)
  A death knight (Vaults:2)
  8 boulder beetles
  3 merfolk avatars
  A satyr (Shoals:3)
  18 centaur warriors
  2 jorogumos
  3 two-headed ogres
  6 tengu warriors
  6 death yaks
  21 dancing weapons
  9 deep troll earth magi
  9 deep troll shamans
  2 vampire magi
  10 demonic crawlers
  5 orc high priests
  6 hell knights
  An occultist (Depths:3)
  2 shock serpents (shapeshifter) (Vaults:5)
  2 soul eaters
  A spriggan berserker (Depths:4)
  Amaemon (Lair:1)
  An iron troll (Depths:2)
  A shadow wraith (Vaults:2)
  Lodul (D:12)
  10 deep elf knights
  A skyshark (Shoals:1)
  7 pharaoh ants
  13 skeletal warriors
  8 sea snakes
  6 arcanists
  5 glowing orange brains
  A tengu zombie (Depths:1)
  42 deep trolls
  2 sun moths
  4 orb spiders
  An obsidian statue (Zot:5)
  A swamp dragon (shapeshifter) (Elf:1)
  3 shadow demons
  3 deep elf archers
  A mana viper (shapeshifter) (Vaults:5)
  A lindwurm (shapeshifter) (D:13)
  4 lindwurms
  An orange crystal statue (Vaults:3)
  16 harpies
  13 ironbound convokers
  3 necromancers
  3 phantasmal warriors
  7 steelbarb worms
  21 deep elf pyromancers
  21 orc knights
  8 orc sorcerers
  9 wolf spiders
  A fire giant zombie (Depths:1)
  34 ugly things
  21 deep elf zephyrmancers
  18 fauns
  A frost giant zombie (Depths:1)
  20 moths of wrath
  5 cyclopes
  6 meliai
  12 manticores
  A moth of wrath (shapeshifter) (Vaults:5)
  10 elephants
  4 kobold blastminers
  3 water nymphs
  2 smoke demons
  11 merfolk sirens
  A black mamba (Lair:4)
  4 orange demons
  2 large abominations
  An ice statue (IceCv)
  20 vault sentinels
  10 cane toads
  4 torpor snails
  2 gargoyles
  3 dire elephant skeletons (Lair:5)
  3 rime drakes
  Jeremiah (D:7)
  A yaktaur (shapeshifter) (Elf:1)
  An efreet (Zot:3)
  3 kobold demonologists (Elf:3)
  A hellion (Depths:1)
  29 yaktaurs
  10 komodo dragons
  9 polar bears (IceCv)
  9 trolls
  A queen bee (D:13)
  A hellwing (D:9)
  3 hornets
  19 merfolk
  4 wind drakes
  9 tarantellas
  7 snapping turtles
  6 blink frogs
  11 dream sheep
  13 culicivoras
  20 slime creatures
  2 glass eyes
  An air elemental (Elf:2)
  3 hexers
  15 jumping spiders
  3 wraiths
  3 spriggans
  11 water elementals
  A spriggan skeleton (Depths:1)
  47 yaks
  A fire bat (Orc:1)
  6 wyverns
  A spriggan (shapeshifter) (Elf:1)
  A human (D:13)
  3 fire elementals (Elf:1)
  A warg (Orc:1)
  26 redbacks
  4 basilisks
  A steam dragon (D:9)
  A death yak simulacrum (D:12)
  5 vampire mosquitoes
  Menkaure (D:6)
  A redback (shapeshifter) (Vaults:5)
  2 swamp worms (Zot:1)
  A glowing shapeshifter zombie (Depths:1)
  2 spectral cane toads (Lair:5)
  Duvessa (D:5)
  An acid dragon (D:6)
  9 water moccasins
  2 hell hounds
  27 orc warriors
  2 sky beasts
  A black bear (D:5)
  An elephant zombie (Lair:5)
  2 laughing skulls (D:15)
  12 ogres
  14 centaurs
  26 wolves
  A boggart (Elf:3)
  2 phantoms
  2 kobold brigands
  12 bullfrogs
  A two-headed ogre simulacrum (D:12)
  An earth elemental (Elf:1)
  2 scorpions
  7 wights
  An elephant simulacrum (D:12)
  11 killer bees
  2 electric eels
  16 jellies
  19 orc priests
  3 bombardier beetles
  6 hounds
  A sleepcap (D:5)
  2 gnoll boudas
  An iguana (D:4)
  Ijyb (D:5)
  21 orc wizards
  A spriggan simulacrum (D:12)
  A troll simulacrum (D:12)
  5 mutant beasts (D:7)
  6 adders
  22 gnolls
  A naga simulacrum (D:12)
  A shadow imp (Gauntlet)
  5 white imps
  3 ufetubi
  A ribbon worm (D:2)
  2 dart slugs
  56 orcs
  7 ball pythons
  5 endoplasms
  10 goblins
  5 hobgoblins
  3 quokkas
  5 bats
  2 frilled lizards
  20 kobolds
  3 rats (D:2)
  An aspiring flesh (Zot:5)
1669 creatures vanquished.

Vanquished Creatures (collateral kills)
  A dread lich (Vaults:5)
  4 orbs of fire
  Sojobo (Vaults:5)
  A curse toe (Zot:3)
  Saint Roka (Elf:2)
  4 Killer Klowns
  Jory (Vaults:2)
  8 golden dragons
  An electric golem (Zot:5)
  13 tentacled monstrosities
  Rupert (Lair:3)
  5 Orb Guardians (Zot:5)
  2 sphinxes
  A deep elf blademaster (Elf:3)
  A deep elf master archer (Elf:3)
  5 death cobs
  Frances (Elf:1)
  6 tengu reavers
  5 storm dragons
  4 shadow dragons
  3 protean progenitors (Zot:5)
  2 draconian knights
  A fire giant (Depths:3)
  A frost giant (Vaults:5)
  2 draconian shifters
  3 vault wardens
  6 ghost moths
  An orc warlord (Elf:2)
  2 draconian scorchers (Zot:3)
  An iron dragon (Depths:2)
  A deep elf sorcerer (Elf:3)
  A demonspawn corrupter (Zot:3)
  5 deep elf elementalists (Elf:3)
  3 draconian stormcallers
  A spriggan defender (Depths:1)
  A cacodemon (Zot:3)
  4 ironbound preservers
  A formless jellyfish (Shoals:4)
  4 draconian annihilators
  4 stone giants
  2 green draconians
  2 deep elf demonologists (Elf:3)
  A black draconian (Zot:5)
  2 deep elf death magi (Elf:3)
  2 ironbound thunderhulks (Vaults:1)
  4 white draconians
  2 red draconians
  A yellow draconian (Zot:3)
  A spark wasp (Depths:1)
  3 purple draconians
  The ghost of Ignak the Thaumaturge, a journeyman GnAE of Sif Muna (Orc:1)
  2 deep elf annihilators
  3 dire elephants
  2 ettins
  A mummy priest (Elf:3)
  A deep elf high priest (Elf:3)
  2 entropy weavers
  2 great orbs of eyes
  4 yaktaur captains
  2 spriggan air magi (Depths:1)
  An ogre mage (D:13)
  2 merfolk avatars
  6 vault guards
  A two-headed ogre (D:11)
  5 dancing weapons (Elf:2)
  A death knight (Vaults:2)
  4 boulder beetles
  8 death yaks
  A deep troll shaman (Depths:4)
  4 deep troll earth magi
  An alligator (Zot:5)
  2 demonic crawlers (Spider:2)
  An occultist (Gauntlet)
  An orc high priest (Elf:3)
  5 deep elf knights
  2 sea snakes (Shoals:4)
  3 orb spiders (Spider:2)
  3 iron trolls (Depths:1)
  2 pharaoh ants (Spider:4)
  A flayed ghost (Vaults:5)
  15 deep trolls
  A spectral anaconda (Lair:5)
  3 arcanists
  A steelbarb worm (Spider:4)
  4 shadow demons
  A lindwurm (Vaults:3)
  2 deep elf archers
  A phantasmal warrior (Vaults:5)
  2 obsidian statues
  2 ironbound convokers
  3 necromancers (Lair:5)
  3 deep elf pyromancers
  4 deep elf zephyrmancers
  2 harpies
  An orc sorcerer (D:13)
  3 orc knights
  12 ugly things
  2 wolf spiders
  2 fauns
  2 manticores (Shoals:1)
  5 moths of wrath
  2 merfolk sirens
  8 elephants (Lair:5)
  5 vault sentinels
  An orange demon (Zot:3)
  3 smoke demons (D:9)
  4 torpor snails
  A water nymph (Shoals:4)
  7 cane toads
  2 komodo dragons
  12 yaktaurs
  2 trolls
  2 polar bears
  10 merfolk
  2 tarantellas (Spider:1)
  2 blink frogs
  A dream sheep (Shoals:3)
  3 hornets
  4 jumping spiders
  A raiju (Orc:1)
  8 slime creatures
  A centaur simulacrum (D:14)
  2 water elementals
  A vampire (D:10)
  An air elemental (Elf:2)
  4 culicivoras
  3 wraiths
  3 basilisks
  2 fire elementals (Elf:3)
  2 spriggans
  3 redbacks
  A death yak simulacrum (Lair:5)
  A steam dragon (D:9)
  32 yaks
  A warg (Orc:1)
  4 water moccasins
  11 orc warriors
  A boggart (Elf:3)
  12 wolves
  3 bullfrogs
  2 wights (D:8)
  Dowan (D:5)
  An elephant simulacrum (D:12)
  4 killer bees
  A mutant beast (D:7)
  An electric eel (D:9)
  3 hounds (D:9)
  3 orc priests
  An iguana (D:7)
  5 hell rats (Lair:1)
  4 orc wizards
  A troll simulacrum (D:12)
  2 gnolls (D:9)
  A shadow imp (Gauntlet)
  An ufetubus (D:7)
  16 orcs
  2 goblins (D:9)
  A hobgoblin (Bailey)
  5 kobolds
  3 aspiring fleshes
504 creatures vanquished.

Vanquished Creatures (others)
  A death cob (Zot:2)
  3 boulder beetles (Spider:4)
  A spriggan (Depths:1)
  A killer bee (D:13)
  72 hexers
  3 ancestors
81 creatures vanquished.

Grand Total: 2254 creatures vanquished

Notes
Turn   | Place    | Note
-------+----------+-------------------------------------------
     0 | D:1      | Ge0ff the Merfolk Enchanter began the quest for the Orb.
     0 | D:1      | Reached XP level 1. HP: 13/13 MP: 3/3
   633 | D:1      | Reached XP level 2. HP: 15/20 MP: 5/5
   664 | D:1      | Learned a level 2 spell: Ensorcelled Hibernation
   983 | D:2      | Reached skill level 1 in Fighting
  1509 | D:2      | Reached XP level 3. HP: 21/26 MP: 1/6
  1512 | D:2      | Reached skill level 1 in Ice Magic
  1914 | D:3      | Learned a level 3 spell: Passwall
  1950 | D:3      | You fall into a shaft and drop 3 floors!
  2006 | D:6      | Found Liuskoki's Distillery.
  2041 | D:6      | Found Kuump's Jewellery Shoppe.
  2044 | D:6      | Noticed a water moccasin
  2063 | D:6      | Killed a water moccasin
  2064 | D:6      | Reached XP level 4. HP: 13/35 MP: 5/7
  2064 | D:6      | Reached XP level 5. HP: 16/41 MP: 5/8
  2078 | D:6      | oof
  2147 | D:6      | Bought 2 potions of curing for 66 gold pieces
  2287 | D:5      | Entered Level 5 of the Dungeon
  2377 | D:5      | Noticed Ijyb
  2411 | D:5      | Killed Ijyb
  2474 | D:5      | Reached XP level 6. HP: 48/48 MP: 6/9
  2782 | D:3      | Reached skill level 1 in Earth Magic
  3067 | D:3      | Found the +1 Delatra's gloves {ID++}
  3371 | D:4      | Found a staircase to the Ecumenical Temple.
  3389 | D:4      | Reached XP level 7. HP: 54/54 MP: 4/10
  3391 | Temple   | Entered the Ecumenical Temple
  3449 | Temple   | Became a worshipper of Hepliaklqana the Forgotten
  3450 | Temple   | Upgraded the game from 0.32-a0-13-gbaedc5810e to
                  | 0.32-a0-18-g89e19f1974
  3505 | D:4      | Learned a level 3 spell: Confusing Touch
  4763 | D:5      | Reached skill level 1 in Evocations
  4783 | D:5      | Reached skill level 1 in Ranged Weapons
  5022 | D:5      | Noticed Dowan
  5080 | D:5      | Reached XP level 8. HP: 60/60 MP: 9/12
  5340 | D:5      | Noticed Duvessa
  5464 | D:5      | Reached skill level 2 in Ranged Weapons
  5736 | D:5      | Reached skill level 3 in Ranged Weapons
  6294 | D:6      | Found Upnyif's Armour Boutique.
  6338 | D:6      | Noticed Menkaure
  6463 | D:6      | Killed Menkaure
  6586 | D:6      | Found Dekkisue's Book Boutique.
  6696 | D:6      | Found Femian's Magic Scroll Boutique.
  6730 | D:6      | Bought a scroll of noise for 13 gold pieces
  6730 | D:6      | Bought a scroll of identify for 26 gold pieces
  6730 | D:6      | Bought a scroll of identify for 26 gold pieces
  6730 | D:6      | Bought a scroll of teleportation for 39 gold pieces
  6730 | D:6      | Bought a scroll of fog for 52 gold pieces
  6917 | D:6      | Reached skill level 5 in Short Blades
  6917 | D:6      | Reached skill level 4 in Ranged Weapons
  6917 | D:6      | Reached skill level 5 in Stealth
  7089 | D:7      | Reached * piety under Hepliaklqana
  7354 | D:7      | Noticed a wyvern
  7362 | D:7      | Noticed a juvenile fireox beast
  7512 | D:5      | Killed Duvessa
  7513 | D:5      | Reached skill level 5 in Ice Magic
  7513 | D:5      | Reached XP level 9. HP: 58/58 MP: 8/13
  7530 | D:5      | Killed Dowan
  7754 | D:7      | Reached skill level 5 in Ranged Weapons
  7884 | D:7      | Killed a juvenile fireox beast
  7885 | D:7      | Reached skill level 6 in Ranged Weapons
  8308 | D:7      | Noticed Jeremiah
  8435 | D:7      | Reached skill level 7 in Ranged Weapons
  9045 | D:8      | Upgraded the game from 0.32-a0-18-g89e19f1974 to
                  | 0.32-a0-19-g28bc0835a1
  9090 | D:8      | Reached skill level 8 in Ranged Weapons
  9124 | D:8      | Reached XP level 10. HP: 63/63 MP: 12/14
  9392 | D:8      | Reached skill level 9 in Ranged Weapons
  9509 | D:7      | Killed Jeremiah
  9595 | D:8      | Reached ** piety under Hepliaklqana
  9838 | D:8      | Found an ancient bone altar of Kikubaaqudgha.
  9838 | D:8      | Found a radiant altar of Vehumet.
  9963 | D:9      | Remembered your ancestor Fishcestor as a hexer
  9979 | D:9      | Found a flagged portal.
  9987 | Bailey   | Entered a bailey
 10326 | Bailey   | Reached skill level 5 in Fighting
 10461 | D:9      | Reached skill level 10 in Ranged Weapons
 10687 | D:9      | Reached XP level 11. HP: 71/71 MP: 15/15
 10702 | D:9      | Reached skill level 11 in Ranged Weapons
 10844 | D:9      | Found a staircase to the Lair.
 11025 | D:9      | Reached *** piety under Hepliaklqana
 11169 | D:10     | Entered Level 10 of the Dungeon
 11278 | D:10     | Got Suqutros's Encyclopedia of the Legion
 11441 | D:10     | Reached skill level 1 in Invocations
 12110 | D:11     | Noticed Erica
 12129 | D:11     | Killed Erica
 12288 | D:11     | Identified a scroll of acquirement
 12296 | D:11     | Noticed a two-headed ogre
 12306 | D:11     | Killed a two-headed ogre
 13376 | Lair:1   | Entered Level 1 of the Lair of Beasts
 13417 | Lair:1   | Reached skill level 12 in Ranged Weapons
 13460 | Lair:1   | Reached **** piety under Hepliaklqana
 13515 | Lair:1   | Reached skill level 5 in Invocations
 13562 | Lair:1   | Noticed Amaemon
 13657 | Lair:1   | Reached XP level 12. HP: 81/81 MP: 11/16
 14121 | Lair:1   | Noticed a death yak
 14134 | Lair:1   | Killed a death yak
 14135 | Lair:1   | Reached skill level 13 in Ranged Weapons
 14449 | Lair:2   | Found a gate leading to a gauntlet.
 14595 | Gauntlet | Entered a Gauntlet
 14595 | Gauntlet | Found a transporter.
 14602 | Gauntlet | Noticed a ghost crab
 14657 | Gauntlet | Found a transporter.
 14672 | Gauntlet | Found a transporter.
 14676 | Gauntlet | Found a transporter.
 14686 | Gauntlet | Found a transporter.
 14703 | Gauntlet | Noticed a sun demon
 14706 | Gauntlet | Found a transporter.
 14709 | Gauntlet | Found a transporter.
 14713 | Gauntlet | Found a transporter.
 14737 | Gauntlet | Noticed an occultist
 14740 | Gauntlet | Found a transporter.
 14748 | Gauntlet | Found a transporter.
 14748 | Gauntlet | Found a transporter.
 14750 | Gauntlet | Found a runed translucent gate.
 14750 | Gauntlet | Found a runed translucent gate.
 14756 | Gauntlet | Found a transporter.
 14762 | Gauntlet | Found a runed translucent gate.
 14851 | Gauntlet | Gained mutation: You are occasionally teleported next to
                  | monsters. [a neqoxec]
 14859 | Gauntlet | Noticed a sun demon
 14868 | Gauntlet | Identified the +3 pair of boots "Ohisaw" {Str+3 Dex-5
                  | Stlth+}
 14923 | Gauntlet | Killed an occultist
 15014 | Gauntlet | Identified the amulet of Mysticism {Acrobat MP-9 Str+6
                  | Dex+3 SInv}
 15060 | Gauntlet | Identified the +10 war axe of Weaddel {heavy, rPois rF+}
 15060 | Gauntlet | Identified the +0 plate armour of Satisfaction {Rampage
                  | Str+3}
 15060 | Gauntlet | Noticed a minotaur
 15084 | Gauntlet | Killed a minotaur
 15128 | Gauntlet | Identified the +0 pair of boots of the Game Afoot {rPois}
 15128 | Gauntlet | Identified the +1 ring mail of True Grit {rN+ rCorr}
 15225 | Lair:2   | Reached skill level 14 in Ranged Weapons
 15312 | Lair:2   | Reached XP level 13. HP: 75/86 MP: 10/19
 15374 | Lair:2   | Acquired a +2 hand cannon of draining
 15468 | Lair:2   | Lost mutation: You are occasionally teleported next to
                  | monsters. [potion of mutation]
 15468 | Lair:2   | Gained mutation: You are agile. (Dex +4, Str/Int -1)
                  | [potion of mutation]
 15468 | Lair:2   | Gained mutation: Your flesh is heat resistant. (rF+)
                  | [potion of mutation]
 15513 | Lair:2   | Found a staircase to the Shoals.
 15596 | Lair:2   | Identified the +3 leather armour of the Bulwark {Rampage
                  | rC+++ rCorr Dex-5}
 15714 | Lair:2   | Identified the +9 trident "Demonslayer" {distort, rC+ SInv}
 15983 | Lair:2   | Found a hole to the Spider Nest.
 16278 | Lair:3   | Noticed Sonja
 16472 | Lair:3   | Noticed Rupert
 16479 | Lair:3   | Killed Rupert
 16497 | Lair:3   | Reached skill level 15 in Ranged Weapons
 17367 | Lair:3   | Sonja changed into Sonja the wyvern
 17367 | Lair:3   | Noticed Sonja
 17368 | Lair:3   | Killed Sonja the wyvern
 17666 | Lair:4   | Reached skill level 16 in Ranged Weapons
 17817 | Lair:4   | Reached XP level 14. HP: 92/92 MP: 11/20
 18102 | Lair:5   | Entered Level 5 of the Lair of Beasts
 18103 | Lair:5   | Upgraded the game from 0.32-a0-19-g28bc0835a1 to
                  | 0.32-a0-22-g6ae6769602
 18598 | Lair:5   | Reached skill level 17 in Ranged Weapons
 18726 | Lair:5   | Found a staircase to the Slime Pits.
 19102 | Lair:5   | Noticed a dire elephant
 19342 | Lair:5   | Killed a dire elephant
 19684 | Lair:1   | Killed Amaemon
 19832 | D:12     | Found a staircase to the Orcish Mines.
 19893 | D:12     | Noticed Lodul
 19894 | D:12     | Noticed Jorgrun
 19900 | D:12     | Killed Lodul
 19905 | D:12     | Killed Jorgrun
 19906 | D:12     | Reached XP level 15. HP: 103/103 MP: 8/21
 19907 | D:12     | Noticed Erolcha
 19920 | D:12     | Killed Erolcha
 19921 | D:12     | Reached skill level 10 in Fighting
 19983 | D:12     | Found a frozen archway.
 19987 | D:12     | Learned a level 2 spell: Blink
 20011 | IceCv    | Entered an ice cave
 20063 | IceCv    | Reached skill level 18 in Ranged Weapons
 20063 | IceCv    | Reached skill level 1 in Translocations
 20330 | IceCv    | Reached skill level 1 in Throwing
 20378 | IceCv    | Got the Commentary on Congelation
 20483 | IceCv    | Reached skill level 1 in Armour
 21548 | D:6      | Bought the ring "Menestru" {Will+ EV+5} for 631 gold pieces
 21781 | D:13     | Reached skill level 1 in Shields
 22045 | D:13     | Reached skill level 5 in Dodging
 22283 | D:13     | Noticed mohammadb5305's ghost (journeyman FeAE)
 22296 | D:13     | Found a transporter.
 22300 | D:13     | Found a transporter.
 22471 | D:13     | Found a gate to the Vaults.
 22856 | D:14     | Reached XP level 16. HP: 112/112 MP: 14/23
 23349 | D:14     | Reached skill level 10 in Invocations
 24252 | D:15     | Entered Level 15 of the Dungeon
 24290 | D:15     | Noticed Agnes
 24295 | D:15     | Killed Agnes
 24380 | D:15     | Reached skill level 5 in Evocations
 24447 | D:15     | Found a staircase to the Depths.
 24982 | D:15     | Found Calel's CLEARANCE SALE!.
 24990 | D:15     | Bought a phial of floods for 200 gold pieces
 25149 | D:15     | Identified the +9 scale mail "Obintajife" {rCorr}
 25528 | D:15     | Learned a level 1 spell: Apportation
 25601 | Orc:1    | Entered Level 1 of the Orcish Mines
 25601 | Orc:1    | Reached ***** piety under Hepliaklqana
 25728 | Orc:2    | Entered Level 2 of the Orcish Mines
 25728 | Orc:2    | Noticed Josephine
 25728 | Orc:2    | Found Aprawe's Antique Armour Shop.
 25745 | Orc:1    | Found a runed translucent door.
 25745 | Orc:1    | Noticed Ignak's ghost (journeyman GnAE)
 25774 | Orc:1    | Killed Ignak's ghost
 25816 | Orc:1    | Identified the +1 cloak "Cehumad" {rElec Int+3}
 25868 | Orc:1    | Noticed Snorg
 25881 | Orc:1    | Killed Snorg
 25888 | Orc:1    | Reached skill level 5 in Throwing
 26126 | Orc:1    | Found a shimmering altar of Xom.
 26252 | Orc:1    | Killed Josephine
 26525 | Orc:2    | Found a staircase to the Elven Halls.
 26858 | Orc:2    | Reached skill level 5 in Hexes
 26921 | Orc:2    | Reached skill level 5 in Shields
 26933 | Orc:2    | Found Vaemets's Assorted Antiques.
 26933 | Orc:2    | Found Giloi's Antique Weapon Emporium.
 26934 | Orc:2    | Found Taud Ogy's Assorted Antiques.
 26934 | Orc:2    | Found Siuxtyog's General Store.
 26952 | Orc:2    | Bought a throwing net for 39 gold pieces
 26952 | Orc:2    | Bought a scroll of revelation for 97 gold pieces
 26958 | Orc:2    | Bought an encrusted shortbow for 176 gold pieces
 26958 | Orc:2    | Identified the +10 shortbow of the Turnip {drain, Str+5
                  | Int-2 Dex+4} (You bought it in a shop on level 2 of the
                  | Orcish Mines)
 27143 | D:13     | Killed mohammadb5305's ghost
 27231 | D:13     | Learned a level 4 spell: Dimensional Bullseye
 27368 | Shoals:1 | Entered Level 1 of the Shoals
 27471 | Shoals:1 | Reached XP level 17. HP: 120/120 MP: 16/25
 27829 | Shoals:1 | Noticed Roxanne
 27839 | Shoals:1 | Killed Roxanne
 28592 | Shoals:2 | Found Nuchiut's Assorted Antiques.
 28648 | Shoals:2 | Reached skill level 5 in Armour
 29872 | Shoals:4 | Entered Level 4 of the Shoals
 29884 | Shoals:2 | Bought a scroll of vulnerability for 148 gold pieces
 29884 | Shoals:2 | Bought a potion of curing for 111 gold pieces
 30296 | Shoals:4 | Noticed Polyphemus
 30307 | Shoals:4 | Killed Polyphemus
 30315 | Shoals:4 | Noticed Ilsuiw
 30320 | Shoals:4 | Reached XP level 18. HP: 132/132 MP: 11/27
 30323 | Shoals:4 | Killed Ilsuiw
 30485 | Shoals:4 | Identified the staff of the Viper {rN+ SInv Necro}
 30560 | Shoals:4 | Reached skill level 15 in Fighting
 30626 | Shoals:4 | Got a barnacled rune of Zot
 30995 | Spider:1 | Entered Level 1 of the Spider Nest
 31116 | Spider:1 | Found a transporter.
 31132 | Spider:1 | Noticed Arachne
 31138 | Spider:1 | Noticed Morbidden's ghost (adept TrSh)
 31267 | Spider:1 | Found a transporter.
 32362 | Spider:3 | Identified the +1 leather armour of a bailey {rF+ Stlth+}
 32458 | Spider:4 | Entered Level 4 of the Spider Nest
 32578 | Spider:4 | Identified the serpent talisman of the Mackerel {rF++
                  | Will++ Str-5}
 32578 | Spider:4 | Noticed Aizul
 32588 | Spider:4 | Killed Aizul
 32704 | Spider:4 | Reached XP level 19. HP: 56/135 MP: 14/29
 33559 | Spider:4 | Reached skill level 10 in Evocations
 33649 | Spider:4 | Got a gossamer rune of Zot
 33663 | Spider:4 | Identified the +2 pair of boots of Eternity {rN+ Regen+
                  | Dex+3}
 34029 | Elf:1    | Entered Level 1 of the Elven Halls
 34069 | Elf:1    | Found a radiant altar of Vehumet.
 34101 | Elf:1    | Got Loabryor's Lessons on Beckoning and Shadows
 34326 | Elf:1    | Noticed Azrael
 34331 | Elf:1    | Killed Azrael
 34463 | Elf:1    | Found Ushy's General Store.
 34472 | Elf:1    | Bought a scroll of teleportation for 42 gold pieces
 34472 | Elf:1    | Bought a scroll of blinking for 105 gold pieces
 34572 | Elf:1    | Noticed Louise
 34589 | Elf:1    | Killed Louise
 34797 | Elf:1    | Found Ceumiq Elle's Book Boutique.
 34798 | Elf:1    | Found Wobrasik's Jewellery Shoppe.
 34798 | Elf:1    | Found Utsaich's Jewellery Shoppe.
 34848 | Elf:1    | Noticed Frances
 34852 | Elf:1    | Killed Frances
 34908 | Elf:1    | Found the +16 obsidian axe {drain, demonic, Mesm ^Drain Fly
                  | SInv}
 34965 | Elf:2    | Noticed Saint Roka
 34982 | Elf:2    | Killed Saint Roka
 35175 | Elf:2    | Found Xasur's Antique Armour Shop.
 35197 | Elf:2    | Found Koalin's Jewellery Shoppe.
 35209 | Elf:2    | Found Plog's Weapon Boutique.
 35266 | Elf:2    | Paralysed by an air elemental for 1 turns
 35307 | Elf:2    | Found Eptibev's Antique Weapon Emporium.
 35544 | Elf:2    | Found Xeqeuck's Weapon Emporium.
 35561 | Elf:2    | Bought 5 curare-tipped darts for 72 gold pieces
 35615 | Elf:2    | Found a runed translucent gate.
 35615 | Elf:2    | Found a runed translucent gate.
 35615 | Elf:2    | Found a runed translucent gate.
 35968 | Elf:3    | Entered Level 3 of the Elven Halls
 35979 | Elf:3    | Reached XP level 20. HP: 153/153 MP: 21/30
 36307 | Elf:3    | Found a shimmering blue altar of Sif Muna.
 36327 | Elf:3    | Identified the +0 robe of the Merwolf {rElec Archmagi}
 36341 | Elf:3    | Identified the amulet of Aliel {RegenMP MP+9}
 36364 | Elf:3    | Got Wissada's Tome of Bringing Forth
 36858 | Elf:3    | Identified the +8 great sword of Internal Strife {vamp,
                  | Str+2}
 36864 | Elf:3    | Identified the amulet of Taask {Acrobat rN+}
 36878 | Elf:3    | Reached skill level 15 in Invocations
 37047 | Elf:3    | Identified the +3 leather armour "Raga" {rPois rF- Dex+5
                  | Slay-4}
 37162 | Elf:3    | Identified the +7 orcbow "Orb Guardian's Bane" {drain, rN+
                  | MP+9 Int+3}
 37303 | Elf:3    | Identified the +0 ring mail of Wasted Space {Rampage rC+}
 37584 | Vaults:1 | Entered Level 1 of the Vaults
 37989 | Vaults:1 | Reached XP level 21. HP: 162/162 MP: 23/32
 38861 | Vaults:2 | Found Neycalugoo's Weapon Shoppe.
 38861 | Vaults:2 | Noticed Jory
 38871 | Vaults:2 | Killed Jory
 38910 | Vaults:2 | You fall into a shaft and drop 1 floor!
 39020 | Vaults:3 | Noticed Xtahua
 39030 | Vaults:3 | Killed Xtahua
 39226 | Vaults:2 | Reached skill level 10 in Armour
 39277 | Vaults:2 | Noticed Asterion
 39281 | Vaults:2 | Killed Asterion
 39812 | Vaults:2 | Found a staircase to the Crypt.
 40280 | Vaults:2 | Found a portal to a secret trove of treasure.
 40291 | Vaults:2 | You paid a toll of 5 scrolls of fear to enter a treasure
                  | trove
 40292 | Trove    | Entered a treasure trove
 40297 | Trove    | Identified the amulet "Jonuenai" {RegenMP rElec Int+6}
 40298 | Trove    | Identified the amulet "Delev" {Will+ Regen+}
 40304 | Trove    | Identified the ring "Ahoats" {rElec Str+2 Int-5 Dex+6}
 40305 | Trove    | Identified the amulet of Virtue {rElec Regen+ Str+8 Dex-5
                  | Stlth+}
 40306 | Trove    | Identified the ring "Woufopat" {Ice Str+4 Int+2 Dex+3}
 40309 | Trove    | Identified the ring "Siudgh" {^Contam rC+ Will++ rCorr
                  | Str+6}
 40310 | Trove    | Identified the ring "Xempin" {Fly Will+ Str+5}
 40509 | Vaults:3 | Reached skill level 10 in Dodging
 40629 | Vaults:3 | Reached XP level 22. HP: 171/171 MP: 25/34
 40771 | Vaults:3 | Identified the +5 scimitar "Qaen" {flame, Dex+3}
 41205 | Vaults:3 | Identified the granite talisman of Dikeiniv {rF+ Will+
                  | rCorr Int+2}
 43050 | Depths:1 | Entered Level 1 of the Depths
 43080 | Depths:1 | Noticed the Enchantress
 43086 | Depths:1 | Reached skill level 19 in Ranged Weapons
 43101 | Depths:1 | Killed the Enchantress
 43199 | Depths:1 | Found a gateway to Hell.
 43461 | Depths:1 | Reached skill level 5 in Spellcasting
 43461 | Depths:1 | Reached XP level 23. HP: 176/176 MP: 26/35
 43473 | Depths:1 | Reached skill level 5 in Earth Magic
 43757 | Depths:1 | Found Roshrio's Armour Shoppe.
 43946 | Depths:1 | Reached ****** piety under Hepliaklqana
 44382 | Depths:2 | Reached skill level 5 in Translocations
 44927 | Depths:2 | Found a one-way gate leading to the halls of Pandemonium.
 45130 | Depths:2 | Found an opulent altar of Gozag.
 45960 | Depths:3 | Noticed a golden dragon
 45962 | Depths:3 | Killed a golden dragon
 46078 | Depths:3 | Acquired 807 gold pieces
 46176 | Depths:3 | Found a one-way gate to the infinite horrors of the Abyss.
 46207 | Depths:3 | Found a one-way gateway to a ziggurat.
 46244 | Depths:3 | Reached skill level 15 in Dodging
 47122 | Depths:4 | Entered Level 4 of the Depths
 47128 | Depths:4 | Reached XP level 24. HP: 183/183 MP: 26/35
 47134 | Depths:4 | Reached skill level 20 in Ranged Weapons
 47286 | Depths:4 | Found a gate to the Realm of Zot.
 48067 | D:6      | Bought a +0 kite shield of cold resistance for 115 gold
                  | pieces
 48073 | D:6      | Reached XP level 25. HP: 189/189 MP: 26/35
 48074 | D:6      | Reached skill level 21 in Ranged Weapons
 48074 | D:6      | Reached XP level 26. HP: 196/196 MP: 26/35
 48623 | Orc:2    | Bought a potion of mutation for 184 gold pieces
 48625 | Orc:2    | Bought a wand of iceblast (3) for 151 gold pieces
 48846 | D:6      | Bought a scroll of fog for 52 gold pieces
 48846 | D:6      | Bought a scroll of blinking for 97 gold pieces
 48895 | D:6      | Bought a potion of magic for 88 gold pieces
 48895 | D:6      | Bought a potion of invisibility for 88 gold pieces
 48895 | D:6      | Bought a potion of cancellation for 88 gold pieces
 49141 | Vaults:5 | Entered Level 5 of the Vaults
 49178 | Vaults:5 | Identified the amulet "Waos" {Spirit rC+ Int+2}
 49240 | Vaults:5 | Identified the ring of Zecsumag {Fire Will+ rCorr}
 49243 | Vaults:5 | Reached skill level 10 in Shields
 49426 | Vaults:5 | Noticed a dread lich
 49428 | Vaults:5 | Noticed a dread lich
 49431 | Vaults:5 | Killed a dread lich
 49432 | Vaults:5 | Killed a dread lich
 49610 | Vaults:5 | Noticed a dread lich
 49615 | Vaults:5 | Killed a dread lich
 49775 | Vaults:5 | Noticed Sojobo
 49780 | Vaults:5 | Killed Sojobo
 49995 | Vaults:5 | Identified the +4 longbow "Vokeito" {freeze, rC+ SInv}
 50100 | Vaults:5 | Got a silver rune of Zot
 50200 | Vaults:5 | Reached XP level 27. HP: 201/201 MP: 22/35
 50210 | Vaults:5 | Reached skill level 22 in Ranged Weapons
 50230 | Vaults:5 | Noticed a dread lich
 50235 | Vaults:5 | Killed a dread lich
 50415 | Vaults:5 | Found Kebloti's Distillery.
 50425 | Vaults:5 | Bought a potion of mutation for 136 gold pieces
 51183 | Zot:1    | Entered Level 1 of the Realm of Zot
 51327 | Zot:3    | Reached skill level 15 in Shields
 51634 | Zot:3    | Reached skill level 23 in Ranged Weapons
 51945 | Zot:3    | Noticed an orb of fire
 51964 | Zot:3    | Killed an orb of fire
 51976 | Zot:3    | Noticed an ancient lich
 52138 | Zot:3    | Killed an ancient lich
 52389 | Zot:3    | Identified the +0 hat of Inquiry {^Drain Fly Str+7 Stlth+}
 52937 | Zot:4    | Reached skill level 24 in Ranged Weapons
 53303 | Zot:5    | Entered Level 5 of the Realm of Zot
 53303 | Zot:5    | Found a runed translucent gate.
 53303 | Zot:5    | Found a runed translucent gate.
 53303 | Zot:5    | Found a runed translucent gate.
 53305 | Zot:5    | Noticed Kyph's ghost (legendary MiBe)
 53305 | Zot:5    | Noticed an ancient lich
 53512 | Zot:5    | Found a huge runed translucent gate.
 53515 | Zot:5    | Found a huge runed translucent gate.
 53517 | Zot:5    | Found a huge runed translucent gate.
 53517 | Zot:5    | Found a huge runed translucent gate.
 53518 | Zot:5    | Found a huge runed translucent gate.
 53519 | Zot:5    | Found a huge runed translucent gate.
 53519 | Zot:5    | Found a huge runed translucent gate.
 53519 | Zot:5    | Found a huge runed translucent gate.
 53520 | Zot:5    | Found a huge runed translucent gate.
 53520 | Zot:5    | Found a huge runed translucent gate.
 53520 | Zot:5    | Found a huge runed translucent gate.
 53520 | Zot:5    | Found a huge runed translucent gate.
 53520 | Zot:5    | Found a huge runed translucent gate.
 53521 | Zot:5    | Found a huge runed translucent gate.
 53522 | Zot:5    | Found a huge runed translucent gate.
 53523 | Zot:5    | Found a huge runed translucent gate.
 53524 | Zot:5    | Found a huge runed translucent gate.
 53530 | Zot:5    | Found a huge runed translucent gate.
 53530 | Zot:5    | Found a huge runed translucent gate.
 53532 | Zot:5    | Found a huge runed translucent gate.
 53537 | Zot:5    | Noticed an orb of fire
 53537 | Zot:5    | Noticed an ancient lich
 53537 | Zot:5    | Noticed an ancient lich
 53537 | Zot:5    | Noticed an orb of fire
 53537 | Zot:5    | Noticed an ancient lich
 53537 | Zot:5    | Noticed an ancient lich
 53537 | Zot:5    | Found a huge runed translucent gate.
 53537 | Zot:5    | Found a huge runed translucent gate.
 53537 | Zot:5    | Found a huge runed translucent gate.
 53537 | Zot:5    | Found a huge runed translucent gate.
 53541 | Zot:5    | Found a huge runed translucent gate.
 53542 | Zot:5    | Found a huge runed translucent gate.
 53543 | Zot:5    | Found a huge runed translucent gate.
 53543 | Zot:5    | Found a huge runed translucent gate.
 53548 | Zot:5    | Found a huge runed translucent gate.
 53549 | Zot:5    | Found a huge runed translucent gate.
 53549 | Zot:5    | Found a huge runed translucent gate.
 53549 | Zot:5    | Found a huge runed translucent gate.
 53549 | Zot:5    | Found a huge runed translucent gate.
 53551 | Zot:5    | Found a huge runed translucent gate.
 53552 | Zot:5    | Found a huge runed translucent gate.
 53553 | Zot:5    | Found a huge runed translucent gate.
 54241 | Zot:5    | Found a runed translucent gate.
 54257 | Zot:5    | Found a runed translucent gate.
 54258 | Zot:5    | Found a runed translucent gate.
 54370 | Zot:5    | Found a huge runed translucent gate.
 54370 | Zot:5    | Found a huge runed translucent gate.
 54370 | Zot:5    | Found a huge runed translucent gate.
 54372 | Zot:5    | Found a huge runed translucent gate.
 54373 | Zot:5    | Found a huge runed translucent gate.
 54374 | Zot:5    | Found a huge runed translucent gate.
 54374 | Zot:5    | Found a huge runed translucent gate.
 54374 | Zot:5    | Found a huge runed translucent gate.
 54374 | Zot:5    | Found a huge runed translucent gate.
 54374 | Zot:5    | Found a huge runed translucent gate.
 54375 | Zot:5    | Found a huge runed translucent gate.
 54376 | Zot:5    | Found a huge runed translucent gate.
 54377 | Zot:5    | Found a huge runed translucent gate.
 54378 | Zot:5    | Found a huge runed translucent gate.
 54384 | Zot:5    | Found a huge runed translucent gate.
 54384 | Zot:5    | Found a huge runed translucent gate.
 54386 | Zot:5    | Found a huge runed translucent gate.
 54389 | Zot:5    | Found a huge runed translucent gate.
 54390 | Zot:5    | Found a huge runed translucent gate.
 54390 | Zot:5    | Found a huge runed translucent gate.
 54391 | Zot:5    | Found a huge runed translucent gate.
 54392 | Zot:5    | Found a huge runed translucent gate.
 54393 | Zot:5    | Found a huge runed translucent gate.
 54394 | Zot:5    | Found a huge runed translucent gate.
 54394 | Zot:5    | Found a huge runed translucent gate.
 54399 | Zot:5    | Found a huge runed translucent gate.
 54400 | Zot:5    | Found a huge runed translucent gate.
 54400 | Zot:5    | Found a huge runed translucent gate.
 54400 | Zot:5    | Found a huge runed translucent gate.
 54400 | Zot:5    | Found a huge runed translucent gate.
 54402 | Zot:5    | Found a huge runed translucent gate.
 54403 | Zot:5    | Found a huge runed translucent gate.
 54404 | Zot:5    | Found a huge runed translucent gate.
 54404 | Zot:5    | Found a huge runed translucent gate.
 54409 | Zot:5    | Found a huge runed translucent gate.
 54410 | Zot:5    | Found a huge runed translucent gate.
 54789 | Zot:5    | Found a runed translucent gate.
 54789 | Zot:5    | Found a runed translucent gate.
 54790 | Zot:5    | Found a runed translucent gate.
 54848 | Zot:5    | Noticed an ancient lich
 54854 | Zot:5    | Killed an ancient lich
 54938 | Zot:5    | Noticed an orb of fire
 54943 | Zot:5    | Noticed an orb of fire
 54950 | Zot:5    | Killed an orb of fire
 54951 | Zot:5    | Reached skill level 25 in Ranged Weapons
 54955 | Zot:5    | Killed an orb of fire
 55028 | Zot:5    | Found a huge runed translucent gate.
 55028 | Zot:5    | Found a huge runed translucent gate.
 55038 | Zot:5    | Found a huge runed translucent gate.
 55038 | Zot:5    | Found a huge runed translucent gate.
 55038 | Zot:5    | Found a huge runed translucent gate.
 55039 | Zot:5    | Found a huge runed translucent gate.
 55039 | Zot:5    | Found a huge runed translucent gate.
 55040 | Zot:5    | Found a huge runed translucent gate.
 55041 | Zot:5    | Found a huge runed translucent gate.
 55042 | Zot:5    | Found a huge runed translucent gate.
 55042 | Zot:5    | Found a huge runed translucent gate.
 55042 | Zot:5    | Found a huge runed translucent gate.
 55043 | Zot:5    | Found a huge runed translucent gate.
 55043 | Zot:5    | Found a huge runed translucent gate.
 55043 | Zot:5    | Found a huge runed translucent gate.
 55043 | Zot:5    | Found a huge runed translucent gate.
 55044 | Zot:5    | Found a huge runed translucent gate.
 55044 | Zot:5    | Found a huge runed translucent gate.
 55045 | Zot:5    | Found a huge runed translucent gate.
 55045 | Zot:5    | Found a huge runed translucent gate.
 55046 | Zot:5    | Found a huge runed translucent gate.
 55048 | Zot:5    | Found a huge runed translucent gate.
 55049 | Zot:5    | Found a huge runed translucent gate.
 55050 | Zot:5    | Found a huge runed translucent gate.
 55050 | Zot:5    | Found a huge runed translucent gate.
 55050 | Zot:5    | Found a huge runed translucent gate.
 55050 | Zot:5    | Found a huge runed translucent gate.
 55050 | Zot:5    | Found a huge runed translucent gate.
 55050 | Zot:5    | Found a huge runed translucent gate.
 55050 | Zot:5    | Found a huge runed translucent gate.
 55058 | Zot:5    | Found a huge runed translucent gate.
 55059 | Zot:5    | Found a huge runed translucent gate.
 55060 | Zot:5    | Found a huge runed translucent gate.
 55060 | Zot:5    | Found a huge runed translucent gate.
 55060 | Zot:5    | Found a huge runed translucent gate.
 55060 | Zot:5    | Found a huge runed translucent gate.
 55437 | Zot:5    | Noticed an orb of fire
 55438 | Zot:5    | Noticed an orb of fire
 55443 | Zot:5    | Killed an orb of fire
 55458 | Zot:5    | Killed an orb of fire
 55635 | Zot:5    | Identified the +0 flail of True Grit {heavy, Fly rElec
                  | Int-2 Dex+5}
 56001 | Zot:5    | Reached skill level 26 in Ranged Weapons
 57455 | Zot:2    | Noticed an orb of fire
 57462 | Zot:2    | Killed an orb of fire
 58538 | Zot:2    | Reached skill level 27 in Ranged Weapons
 58878 | Zot:5    | Got the Orb of Zot
 59181 | D:15     | Noticed a seraph
 59445 | D:1      | Noticed Ure Latsi the pandemonium lord
 59453 | D:$      | Escaped with the Orb!

Illustrated notes

(...............#
................#
.................
................#
................#
.................
.................#
..$...............#
..........@.......#
..................#
..................#
..................#
..................#
........).........#
#......##########
####.##.....#########
#. +.........†...#


Turn 2078 on D:6: oof

Levels and vault maps discovered:
D:1:      minmay_arrival_checkered_box, layout_basic,
          minmay_misc_feat_nine_boxes, chequers_big_river,
          minmay_misc_feat_diagonals
D:2:      layout_basic
D:3:      layout_rooms
D:4:      layout_basic, minmay_temple_entry_statues_pillars, minmay_checkerbox
D:5:      layout_basic, minmay_misc_feat_columns, serial_park_tiny_1,
          uniq_duvessa, uniq_ijyb
D:6:      layout_basic, serial_shops, shop, nicolae_square_shop,
          nicolae_shop_tiny_glass, shop_statue, shop, uniq_menkaure
D:7:      layout_basic, nicolae_beast_mode, uniq_jeremiah
D:8:      layout_rooms, gammafunk_temple_overflow_elements
D:9:      layout_long_grid, erik_lair_island, enter_bailey_3
D:10:     layout_roguey
D:11:     layout_irregular_city, grunt_decor_junction, uniq_erica
D:12:     layout_basic, orc_0_dummy, portal_ice_cave_entry_ice_simulacra,
          uniq_jorgrun, uniq_lodul, uniq_erolcha
D:13:     minmay_strange_plus, layout_irregular_city,
          grunt_vaults_entry_fortified, gammafunk_ghost_hive, st_stairs_11
D:14:     layout_long_grid, nicolae_hexahallways
D:15:     hangedman_depths_entry_civil_slaughter, layout_layer_cave,
          nicolae_shop_clearance, uniq_agnes
Temple:   nicolae_temple_slightly_damp_pantheon
Lair:1:   layout_regular_city, grunt_megastairs_5, uniq_amaemon
Lair:2:   layout_loops_ring, mainiacjoe_shoals_entry_four_pools,
          hellmonk_spider_entry_life_and_decay, gauntlet_entry_generic,
          grunt_megastairs_3
Lair:3:   layout_gridlike, uniq_sonja, uniq_rupert
Lair:4:   layout_hall_layers, dreamdust_gnoll_shepherd
Lair:5:   due_jungle_book, layout_big_grid, minmay_slime_entry_jelly_boxes,
          serial_bayou_shore_a
Shoals:1: layout_shoals, centaur_isle, uniq_roxanne
Shoals:2: layout_shoals, serial_shops, nicolae_take_the_stairs
Shoals:3: layout_shoals, nicolae_shoals_square_sea_wall
Shoals:4: shoals_end_hangedman, layout_shoals, shoals_ilsuiw_ice,
          uniq_polyphemus
Spider:1: layout_spider_delve, nzn_ghost_randoct
Spider:2: layout_spider_delve
Spider:3: layout_spider_delve
Spider:4: hellmonk_spider_rune_bug_friends, uniq_aizul, uniq_arachne
Orc:1:    layout_caves, ebering_ghost_inner_flame, regret_index_xom_of_box,
          uniq_snorg
Orc:2:    st_orc_elflike, layout_caves, serial_shops, shop, uniq_josephine
Elf:1:    eino_elf_arrival_altar, layout_geoelf_diagonals, serial_shops, shop,
          nicolae_elf_shapeshifter_party, minmay_shop_grove, uniq_azrael,
          uniq_louise, uniq_frances
Elf:2:    nicolae_elf_blades_splatter_lattice [nicolae_blade_entry_antechamber],
          layout_gridlike, special_room [special_room_orc], serial_shops,
          nicolae_shop_stone, nicolae_shop_rolling_square, nicolae_shop_stone,
          shop, nicolae_shop_overgrown_old_shop, minivault_16, uniq_saint_roka
Elf:3:    minmay_elf_hall_spiked, layout_gridlike, hangedman_summoners_spam,
          grunt_megastairs_1
Vaults:1: v_misc_1, nicolae_vaults_mush_room, ontoclasm_vaults_hangar,
          v_misc_28, nicolae_vaults_tangram_2, nicolae_vaults_octothorpe,
          nicolae_vaults_wine_cellar, nicolae_vaults_wrenched, v_misc_33,
          nicolae_vaults_what_the_h, hangedman_vaults_stretched_pinwheel,
          nicolae_vaults_double_plus_2, nicolae_vaults_tetromino_L_2,
          nicolae_vaults_house_2, nicolae_vaults_double_plus_1,
          layout_vaults_omnicross
Vaults:2: nicolae_vaults_mitosis, blue_anna_dwarven_crypt,
          hangedman_vaults_corner_blocks,
          nicolae_vaults_taking_the_gang_shopping,
          nicolae_vaults_network_barrier, nicolae_vaults_storage_room_water,
          nicolae_vaults_double_plus_1, nicolae_vaults_stepped_doors,
          nicolae_vaults_diamond_1, layout_vaults_omnigrid, enter_trove_5,
          uniq_asterion, uniq_jory
Vaults:3: v_pattern_4, nicolae_vaults_trapezoid_1, v_misc_26,
          ontoclasm_vaults_eye, nicolae_vaults_double_plus_1,
          nicolae_vaults_variable_pillar_hall, nicolae_vaults_little_ls,
          nicolae_vaults_statue_guard, v_misc_29, nicolae_vaults_tetromino_T_1,
          hangedman_vaults_nails, nicolae_vaults_apartment_1,
          layout_vaults_ring, uniq_xtahua
Vaults:4: v_pattern_3, nicolae_vaults_network_periphery,
          nicolae_vaults_shelves_hall, grunt_vaults_funnel,
          ontoclasm_vaults_bender, nicolae_vaults_puzzle_piece,
          nicolae_vaults_surprise_closet, v_rooms_3,
          nicolae_vaults_trapezoid_lopsided_2, v_misc_14, layout_vaults_omnibox
Vaults:5: uniq_sojobo
Depths:1: layout_honeycomb, serial_shops, shop, pf_hell_entry_tar_river,
          serial_bayou_lagoon_a, kennysheep_generic_room_12, uniq_enchantress
Depths:2: nzn_winding_woodlands_medium [nzn_winding_woodlands_5x5_open_star,
          nzn_winding_woodlands_5x15_zeroes, nzn_winding_woodlands_5x5_default,
          nzn_winding_woodlands_5x5_closed_star,
          nzn_winding_woodlands_center_lodge, nzn_winding_woodlands_5x5_default,
          nzn_winding_woodlands_5x5_default,
          nzn_winding_woodlands_5x15_river_crossing,
          nzn_winding_woodlands_5x5_checkerboard], layout_cave_shapes,
          grunt_mini_vestibule, nicolae_gozag_cash_rules_everything_around_me,
          rand_demon_pan_entry_7, kennysheep_generic_room_4
Depths:3: minmay_the_grid_net [minmay_the_grid_doors, minmay_the_grid_spikes,
          minmay_the_grid_medium_cups, minmay_the_grid_aliased_spiral,
          minmay_the_grid_diamond_grid,
          minmay_the_grid_prize_four_corners_diamond_b], layout_honeycomb,
          enter_ziggurat_b, abyss_entry, hangedman_coc_ice_floe, minmay_holes,
          minmay_misc_feat_roman, minislime_mu, infiniplex_staircase_zigzag_3
Depths:4: evilmike_zot_entry_round, layout_cross, hell_entry
Zot:1:    layout_gridlike, regret_index_zotdec_bone_old
Zot:2:    kennysheep_bubbly, layout_onion, regret_index_zotdec_twisting_globes
Zot:3:    ebering_klown_carousel, layout_misc_corridors
Zot:4:    layout_misc_corridors, hangedman_zot_gyre, hangedman_zot_wheel_spokes
Zot:5:    layout_concentric_octagons, gammafunk_ghost_necromancy, door_vault

Skill      XL: |  1  2  3  4  5  6  7  8  9 10 11 12 13 14 15 16 17 18 19 20 21 22 23 24 25 26 27 |
---------------+----------------------------------------------------------------------------------+-----
Short Blades   | 2 3 4 5 |  5.0
Fighting       | 1 3 4 5 7 9 11 12 14 16 18 19 20 | 20.0
Ice Magic      | 3 4 5 |  5.0
Earth Magic    | 1 2 3 4 5 |  5.0
Stealth        | 4 5 8 |  8.4
Spellcasting   | 3 5 7 |  7.0
Hexes          | 4 5 6 7 |  7.0
Dodging        | 3 5 6 10 12 15 | 15.0
Evocations     | 1 2 4 6 8 9 11 12 | 12.0
Ranged Weapons | 1 4 8 10 12 14 16 17 18 19 20 21 27 | 27.0
Invocations    | 5 8 9 10 12 13 14 15 16 17 | 17.0
Translocations | 3 4 7 |  7.0
Throwing       | 3 5 6 |  6.0
Armour         | 2 4 5 7 8 9 10 11 | 11.0
Shields        | 2 5 7 8 13 15 | 15.0

Action                     |  1- 3 |  4- 6 |  7- 9 | 10-12 | 13-15 | 16-18 | 19-21 | 22-24 | 25-27 || total
---------------------------+-------+-------+-------+-------+-------+-------+-------+-------+-------++-------
  Melee: Dagger            |    61 |    59 |   253 |       |       |       |       |       |       ||   373
         Punch             |     1 |       |     1 |       |       |       |       |       |       ||     2
         Unarmed           |       |    16 |       |       |       |       |       |       |       ||    16
   Fire: Orcbow            |       |       |    71 |   728 |    45 |       |       |       |       ||   844
         Hand cannon       |       |       |       |       |   767 |  1091 |   959 |   858 |  1025 ||  4700
  Throw: Stone             |     3 |     9 |    31 |       |       |       |       |       |       ||    43
         Throwing net      |       |       |     2 |     5 |     4 |     2 |     2 |       |       ||    15
         Dart              |       |       |       |       |       |     2 |       |       |       ||     2
   Cast: Ensorcelled Hiber |     9 |    39 |    83 |       |       |       |       |       |       ||   131
         Passwall          |       |     1 |     2 |       |       |       |       |     1 |       ||     4
         Confusing Touch   |       |       |    20 |       |       |       |       |       |       ||    20
         Dimensional Bulls |       |       |       |       |       |       |       |       |     9 ||     9
         Apportation       |       |       |       |       |       |       |       |       |     2 ||     2
 Invoke: Ancestor Identity |       |       |     1 |       |       |       |       |       |       ||     1
         Recall Ancestor   |       |       |     4 |     4 |     7 |     5 |     6 |     2 |    13 ||    41
         Ancestor Life: He |       |       |       |     1 |       |       |       |       |       ||     1
         Idealise          |       |       |       |     4 |     7 |     9 |    10 |     6 |    14 ||    50
  Evoke: Box of beasts     |       |       |     1 |     3 |     1 |     2 |     1 |     1 |       ||     9
         Wand              |       |       |       |    21 |    13 |    17 |     1 |     9 |     9 ||    70
         Tin of tremorston |       |       |       |     2 |     5 |     6 |     5 |     5 |     6 ||    29
         Phantom mirror    |       |       |       |       |     1 |     5 |     4 |     3 |     6 ||    19
         Lightning rod     |       |       |       |       |       |    15 |    12 |    11 |     4 ||    42
         Phial of floods   |       |       |       |       |       |     2 |     2 |     1 |     1 ||     6
    Use: Potion            |     1 |     1 |     2 |     5 |     4 |     1 |       |     3 |    14 ||    31
         Scroll            |     1 |     1 |     6 |    16 |    22 |     5 |     6 |     6 |    19 ||    82
   Stab: Sleeping          |    16 |    29 |    42 |       |       |       |       |       |       ||    87
         Confused          |       |       |    12 |       |       |       |       |       |       ||    12
         Held in net/web   |       |       |     1 |       |       |       |       |       |       ||     1
         Invisible         |       |       |     2 |       |       |       |       |       |       ||     2
 Armour: Robe              |    16 |    22 |   112 |    67 |    54 |       |       |       |       ||   271
         Skin              |       |     4 |       |     3 |       |       |       |       |       ||     7
         Troll leather arm |       |       |       |       |    24 |   179 |   147 |    30 |       ||   380
         Leather armour    |       |       |       |       |    17 |       |       |       |       ||    17
         Acid dragon scale |       |       |       |       |       |       |       |    91 |    83 ||   174
  Dodge: Dodged            |    30 |    52 |   231 |   166 |   254 |   434 |   232 |   255 |   202 ||  1856
  Block: Other             |       |       |       |    24 |       |       |       |       |       ||    24
         Reflection        |       |       |       |     2 |       |       |       |       |       ||     2
         Buckler           |       |       |       |       |     9 |   212 |   139 |   136 |       ||   496
         Kite shield       |       |       |       |       |       |       |       |       |   201 ||   201

Table legend: (Time is in decaauts)
 A = Elapsed time spent in this place.
 B = Non-inter-level travel time spent in this place.
 C = Inter-level travel time spent in this place.
 D = Time resting spent in this place.
 E = Time spent auto-exploring this place.
 F = Levels seen in this place.
 G = Mean time per level.
                   A        B        C        D        E       F      G
               +--------+--------+--------+--------+--------+-----+--------+
         Total |  58913 |  52101 |   6812 |   4547 |  33300 |  52 | 1132.9 |
       Dungeon |  19613 |  16507 |   3106 |   1429 |  10975 |  15 | 1307.5 |
        Temple |     72 |     45 |     27 |      0 |     44 |   1 |   72.0 |
          Lair |   6015 |   5640 |    375 |    371 |   3646 |   5 | 1203.0 |
        Shoals |   2894 |   2767 |    127 |     85 |   1824 |   4 |  723.5 |
   Spider Nest |   2915 |   2715 |    200 |    272 |   1642 |   4 |  728.8 |
  Orcish Mines |   1726 |   1320 |    406 |     73 |    882 |   2 |  863.0 |
   Elven Halls |   3754 |   3349 |    405 |    180 |   2169 |   3 | 1251.3 |
        Vaults |   7342 |   6608 |    734 |    473 |   4146 |   5 | 1468.4 |
        Depths |   5030 |   4307 |    723 |    502 |   2652 |   4 | 1257.5 |
           Zot |   7914 |   7208 |    706 |   1000 |   4532 |   5 | 1582.8 |
         Trove |     34 |     34 |      0 |      0 |      2 |   1 |   34.0 |
        Bailey |    417 |    417 |      0 |     74 |    159 |   1 |  417.0 |
      Ice Cave |    645 |    645 |      0 |     35 |    313 |   1 |  645.0 |
      Gauntlet |    536 |    536 |      0 |     52 |    312 |   1 |  536.0 |
               +--------+--------+--------+--------+--------+-----+--------+

Top non-repeatable levels by time:
   Zot:5: 3117 daAuts
     D:5: 2120 daAuts
Vaults:5: 1805 daAuts
Depths:3: 1695 daAuts
  Lair:2: 1658 daAuts
   Elf:3: 1642 daAuts
    D:14: 1620 daAuts
Vaults:3: 1581 daAuts
     D:7: 1565 daAuts
Vaults:2: 1533 daAuts
     D:4: 1511 daAuts
   Zot:2: 1496 daAuts
    D:11: 1492 daAuts
     D:6: 1458 daAuts
    D:15: 1440 daAuts
